 Dungeon Crawl Stone Soup version 0.13-a0-1693-g8ac13c1 (console) character file.

274 Kellhus the Cudgeler (level 5, -2/39 HPs)
             Began as a Human Chaos Knight on June 20, 2013.
             Was a Plaything of Xom.
             Slain by an iguana (11 damage)
             ... on Level 4 of the Dungeon.
             The game lasted 00:04:31 (2464 turns).

Kellhus the Cudgeler (Human Chaos Knight)           Turns: 2464, Time: 00:04:31

HP  -2/39        AC  9     Str 14      XL: 5   Next: 21%
MP   5/5         EV  5     Int 12      God: Xom
Gold 158         SH  0     Dex 12      Spells:  0 memorised,  4 levels left

Res.Fire  : . . .   See Invis. : .   a - +0 mace (chaos)
Res.Cold  : . . .   Warding    : .   C - +0 chain mail
Life Prot.: . . .   Conserve   : .   (no shield)
Res.Poison: +       Res.Corr.  : .   i - +1 wizard hat
Res.Elec. : .       Clarity    : .   (no cloak)
Sust.Abil.: . .     Spirit.Shd : .   (no gloves)
Res.Mut.  : .       Stasis     : .   (no boots)
Res.Rott. : .       Flight     : .   f - amulet of rage
Saprovore : . . .                    (no ring)
                                     o - ring of poison resistance {unknown}

@: slightly resistant to hostile enchantments, extremely unstealthy
A: no striking features
a: Renounce Religion, Evoke Berserk Rage


You were on level 4 of the Dungeon.
You worshipped Xom.
You were a special plaything of Xom.
You were not hungry.

You visited 1 branch of the dungeon, and saw 4 of its levels.

You collected 138 gold pieces.

Inventory:

Hand weapons
 a - a +0,+0 mace of chaos (weapon)
 g - a +0,+0 sabre
Missiles
 j - 21 poisoned needles
Armour
 b - a +2 leather armour
 i - a +1 wizard hat (worn)
 C - a +0 chain mail (worn)
Comestibles
 c - a bread ration
 q - an apple
 t - a meat ration
Scrolls
 d - a scroll of random uselessness {unknown}
 e - a scroll of recharging {unknown}
 h - 5 scrolls of identify {unknown}
 k - a scroll of enchant armour {unknown}
 l - 5 scrolls of teleportation {unknown}
 m - 3 scrolls of remove curse {unknown}
 r - 3 scrolls of amnesia {unknown}
 u - 2 scrolls of curse jewellery {unknown}
 y - a scroll of fog {unknown}
Jewellery
 f - an amulet of rage (around neck)
 o - a ring of poison resistance (left hand) {unknown}
 p - an uncursed amulet of the gourmand
Potions
 n - 3 potions of curing {unknown}
 s - a potion of restore abilities {unknown}
 v - a potion of paralysis {unknown}
 w - a potion of agility {unknown}
 x - a potion of mutation {unknown}
 z - a potion of poison {unknown}
 A - a potion of might {unknown}
 D - 2 potions of flight {unknown}


   Skills:
 - Level 3.0 Fighting
 + Level 5.5 Maces & Flails
 - Level 2.0 Armour
 - Level 1.0 Dodging


You had 4 spell levels left.
You didn't know any spells.

Dungeon Overview and Level Annotations

Branches:
Dungeon (4/27)
 Temple: D:4-7

Altars:
Okawaru
Sif Muna


Message History

The iguana is severely wounded.
The iguana bites you but does no damage.
You closely miss the iguana.
The iguana is severely wounded.
The iguana bites you.
You hit the iguana.
The iguana goes berserk!
The iguana is severely wounded.
The iguana bites you. The iguana barely misses you.
You hit the iguana but do no damage.
The iguana is severely wounded.
The iguana barely misses you. The iguana bites you.
You hit the iguana but do no damage.
The iguana is severely wounded.
The iguana bites you!
* * * LOW HITPOINT WARNING * * *
You are too injured to fight recklessly!
You barely miss the iguana.
The iguana is severely wounded.
The iguana bites you!
You die...

... # #.# .#. ..##
.... ....#
#..##.#.#
#.....#.##
#.#.#......#######
#......<#.<#.....#
##.........#.@...#
...........>.l...#
##.........#.%..<#
####......#.....#
#..)..%#######
###.#### #.# #.#


You could see an iguana (berserk).

Vanquished Creatures
  A scorpion (D:4)
  5 adders
  A giant mite (D:3)
  An ooze (D:2)
  A giant gecko (D:2)
  2 ball pythons (D:3)
  8 goblins
  9 jackals
  5 kobolds
  3 quokkas
  3 bats
  2 giant cockroaches
  5 giant newts
  7 hobgoblins
  11 rats
64 creatures vanquished.

Vanquished Creatures (collateral kills)
  A jackal (D:4)
1 creature vanquished.

Vanquished Creatures (others)
  A ball python (D:2)
1 creature vanquished.

Grand Total: 66 creatures vanquished

Notes
Turn   | Place    | Note
--------------------------------------------------------------
     0 | D:1      | Kellhus, the Human Chaos Knight, began the quest for the Orb.
     0 | D:1      | Reached XP level 1. HP: 16/16 MP: 1/1
    73 | D:1      | XOM: divination: magic mapping
   119 | D:1      | XOM: god gift: sabre {god gift}
   121 | D:1      | Reached XP level 2. HP: 19/22 MP: 2/2
   634 | D:2      | XOM: vitrification
   659 | D:2      | Reached skill level 4 in Maces & Flails
   659 | D:2      | Reached XP level 3. HP: 28/28 MP: 3/3
   686 | D:2      | XOM: snakes to sticks
   790 | D:2      | XOM is BORED!
   790 | D:2      | XOM: summons 4 hostile shadow creatures
   932 | D:2      | Reached XP level 4. HP: 23/34 MP: 4/4
  1469 | D:3      | Found an iron altar of Okawaru.
  1638 | D:3      | Reached skill level 5 in Maces & Flails
  1844 | D:3      | Found a deep blue altar of Sif Muna.
  1844 | D:3      | XOM: 6-stop teleportation journey
  1970 | D:3      | Reached XP level 5. HP: 36/39 MP: 5/5
  2276 | D:3      | XOM: vitrification
  2380 | D:3      | XOM: enchant monster (bad)
  2444 | D:4      | XOM: enchant monster (good)
  2464 | D:4      | Slain by an iguana

Action                   |  1- 3 |  4- 6 || total
-------------------------+-------+-------++-------
Melee: Mace              |    85 |   106 ||   191
 Stab: Paralysed         |       |     1 ||     1
       Confused          |       |     2 ||     2
